 Dungeon Crawl Stone Soup version 0.30-a0-760-g5a9884bb7c (webtiles) character file.

Game seed: 9528290492304785667

20773 pokeman the Eclecticist (level 12, -11/66 HPs)
             Began as a Deep Elf Hedge Wizard on Feb 10, 2023.
             Was an Elder of Vehumet.
             Mangled by a sun demon (13 damage)
             ... in a volcano on Feb 11, 2023.
             The game lasted 00:45:41 (16103 turns).

pokeman the Eclecticist (Deep Elf Hedge Wizard)    Turns: 16103, Time: 00:45:42

Health: -11/66     AC: 14    Str:  7    XL:     12   Next: 48%
Magic:  17/35      EV: 11    Int: 34    God:    Vehumet [****..]
Gold:   769        SH: 12    Dex: 14    Spells: 23/45 levels left

rFire   + . .      SeeInvis .    M - +1 demon whip (venom)
rCold   . . .      Faith    .    c - +2 buckler {AC+3}
rNeg    + . .      Spirit   .    C - +3 leather armour {rF+}
rPois   .          Reflect  +    N - +1 hat {Int+3}
rElec   .          Harm     .    (no cloak)
rCorr   .          Rampage  .    Y - +2 pair of gloves
Will    +....                    s - +0 pair of boots
Stlth   ++                       F - amulet of reflection
HPRegen 0.31/turn                b - ring of positive energy
MPRegen 0.24/turn                H - +6 ring of intelligence

@: no status effects
A: no striking features
a: Renounce Religion


You were in a volcano.
You worshipped Vehumet.
Vehumet was greatly pleased with you.
You visited 3 branches of the dungeon, and saw 14 of its levels.
You also visited: Volcano.

You collected 769 gold pieces.

Inventory:

Hand Weapons
 M - a +1 demon whip of venom (weapon)
 T - the +4 flail of Xyizab {heavy, *Noise rElec rC+ Stlth+}
   (You took it off a tengu warrior on level 10 of the Dungeon)

   rC:        It protects you from cold.
   rElec:     It insulates you from electricity.
   *Noise:    It may make noises in combat.
   Stlth:     It makes you more stealthy.
Missiles
 i - 2 curare-tipped darts
Armour
 a - +0 swamp dragon scales
 c - a +2 buckler of protection (worn)
 s - a +0 pair of boots (worn)
 C - a +3 leather armour of fire resistance (worn)
 N - a +1 hat of intelligence (worn)
 X - a +1 robe of cold resistance
 Y - a +2 pair of gloves (worn)
Jewellery
 b - a ring of positive energy (left hand)
 F - an amulet of reflection (around neck)
 H - a +6 ring of intelligence (right hand)
 W - a ring of ice
Scrolls
 g - 2 scrolls of magic mapping
 m - a scroll of noise {unknown}
 o - 7 scrolls of vulnerability {unknown}
 r - 3 scrolls of torment {unknown}
 t - 7 scrolls of teleportation {unknown}
 u - 3 scrolls of amnesia {unknown}
 w - 6 scrolls of poison {unknown}
 A - a scroll of silence {unknown}
 I - 2 scrolls of fear {unknown}
 L - a scroll of enchant armour {unknown}
 Q - a scroll of fog {unknown}
 R - 4 scrolls of immolation {unknown}
 U - 3 scrolls of brand weapon {unknown}
Potions
 d - 4 potions of magic
 l - 3 potions of curing
 v - a potion of degeneration {unknown}
 z - a potion of haste {unknown}
 J - 2 potions of flight {unknown}
 O - a potion of invisibility {unknown}
 P - 2 potions of lignification {unknown}


   Skills:
 - Level 4.0 Fighting
 - Level 4.3 Armour
 - Level 3.0 Dodging
 - Level 3.2 Stealth
 + Level 4.5 Shields
 * Level 17.4 Spellcasting
 + Level 10.4 Conjurations
 - Level 2.3 Summonings
 - Level 1.1 Translocations
 + Level 9.5 Fire Magic
 - Level 1.0 Air Magic
 - Level 1.0 Earth Magic
 - Level 1.0 Poison Magic
 - Level 1.0 Evocations


You had 23 spell levels left.
You knew the following spells:

 Your Spells              Type           Power      Damage    Failure   Level
a - Magic Dart            Conj           100%       1d8       1%          1
b - Mephitic Cloud        Conj/Pois/Air  55%        N/A       1%          3
c - Call Imp              Summ           45%        N/A       1%          2
d - Blink                 Tloc           74%        N/A       2%          2
e - Foxfire               Conj/Fire      100%       2x1d9     1%          1
f - Fireball              Conj/Fire      38%        3d16      1%          5
g - Stone Arrow           Conj/Erth      100%       3d13      1%          3
h - Iskenderun's Battles  Conj           79%        2d13      1%          5

Your spell library contained the following spells:

 Spells                   Type           Power      Damage    Failure   Level
 Dazzling Flash           Conj/Hex       100%       N/A       1%          3
 Kiss of Death            Conj/Necr      100%       2d13      1%          1
 Poisonous Vapours        Pois/Air       72%        N/A       1%          2
 Searing Ray              Conj           100%       2d8       1%          2
 Static Discharge         Conj/Air       100%       2-7/arc   1%          2
 Iskenderun's Mystic Bla  Conj/Tloc      62%        2d13      1%          4
 Arcjolt                  Conj/Air       31%        1d41      1%          5
 Lightning Bolt           Conj/Air       31%        1d48      1%          5
 Necrotise                Necr           100%       1d9       2%          1
 Slow                     Hex            100%       N/A       2%          1
 Cigotuvi's Dreadful Rot  Necr/Pois/Air  68%        N/A       2%          2
 Lesser Beckoning         Tloc           74%        N/A       2%          2
 Gell's Gravitas          Tloc           37%        N/A       4%          3
 Teleport Other           Tloc           37%        N/A       4%          3
 Vhi's Electric Charge    Tloc/Air       72%        N/A       4%          3
 Confusing Touch          Hex            29%        N/A       7%          3
 Vampiric Draining        Necr           29%        2d8       7%          3
 Summon Lightning Spire   Summ/Air       41%        N/A       12%         4
 Dispel Undead            Necr           29%        3d13      22%         4
 Spellforged Servitor     Conj/Summ      32%        N/A       34%         7
 Agony                    Necr           29%        N/A       54%         5
 Malign Gateway           Summ/Tloc      20%        N/A       100%        7
 Storm Form               Tmut/Air       16%        N/A       100%        7
 Maxwell's Capacitive Co  Air            18%        ∞         100%        8
 Summon Horrible Things   Summ           22%        N/A       100%        8


Dungeon Overview and Level Annotations

Branches:
Dungeon (12/15)            Temple (1/1) D:4            Lair (1/5) D:11
    Orc (0/2) D:12        Volcano (1/1)

Altars:
Ashenzari
Cheibriados
Dithmenos
Elyvilon
Fedhas
Gozag
Hepliaklqana
Kikubaaqudgha
Makhleb
Nemelex Xobeh
Okawaru
Qazlal
Ru
Sif Muna
Trog
Uskayaw
Vehumet
Wu Jian
Xom
Yredelemnul
The Shining One
Jiyva

Shops:
D:7 (


Message History

The hell hound bites your battlesphere!
Your battlesphere is destroyed!
The steam dragon is engulfed in noxious fumes. x2
Something bites the sun demon!
Something closely misses the sun demon.
The steam dragon is engulfed in noxious fumes.
The steam dragon breathes steam at you. The ball of steam hits you. You resist.
You hear a shout!
You hear an angry hiss.
Casting: Blink (safe; 2% risk of failure)
Confirm with . or Enter, or press ? or * to list all spells.
Aiming: Mephitic Cloud (safe; 1% risk of failure)
Press: ? - help, Shift-Dir - straight line, f - steam dragon
Aim: a steam dragon (black smoke, chance to affect: 81%)
The ball explodes into a vile cloud!
The stinking cloud engulfs the steam dragon but does no damage.
The stinking cloud engulfs the sun demon but does no damage.
The sun demon is moderately wounded.
The smoke demon gestures at you. Something smites you!
* * * LOW HITPOINT WARNING * * *
Unknown command.
Casting: Mephitic Cloud (safe; 1% risk of failure)
Confirm with . or Enter, or press ? or * to list all spells.
You blink.
The steam dragon breathes steam at you.
The ball of steam hits the hell hound.
The hell hound resists.
The ball of steam hits you. You resist.
* * * LOW HITPOINT WARNING * * *
The smoke demon gestures at you. The ball of steam hits you. You resist.
* * * LOW HITPOINT WARNING * * *
You feel stable enough to blink again.
The hell hound is engulfed in noxious fumes.
The hell hound appears confused.
The steam dragon breathes steam at you.
The ball of steam hits the sun demon.
The sun demon resists.
The ball of steam hits you. You resist.
* * * LOW HITPOINT WARNING * * *
You block the sun demon's attack. The sun demon hits you!
You die...

##......# ##.....#
##.§..§## #..§..#
#...§D### #...§.#
#....3..# ##○h...#
#...§..#####...§.##
#§§§°☼§.§#.DD..###
##§§§..§...D..##
#.§§3DDD......#
#.§@3.§.......#
##............§
#.......###..§§§
#......## ##.§.§
......## #.§...
.......# ....
#......## #.......


You could see a sun demon, a smoke demon and 3 steam dragons.

Vanquished Creatures
  Gastronok (D:9)
  Erolcha (D:9)
  A hydra (D:9)
  Fannar (D:12)
  A two-headed ogre (D:11)
  A centaur warrior (D:11)
  The ghost of Beavis the Firebug, a novice DsFE of Vehumet (D:9)
  A tengu warrior (D:10)
  Amaemon (D:8)
  2 orc knights
  2 oklob plants (D:11)
  A cyclops (D:11)
  2 ugly things
  A gargoyle (D:10)
  Maggie (D:6)
  An orange demon (D:8)
  A kobold demonologist (D:11)
  2 komodo dragons
  An efreet (D:12)
  A troll (D:10)
  9 slime creatures
  A shadow (D:12)
  A wyvern (D:8)
  2 vampires
  2 fire bats (Lair:1)
  Eustachio (D:6)
  15 yaks
  A neqoxec (D:9)
  A steam dragon (D:9)
  3 acid dragons
  A water moccasin (Lair:1)
  Duvessa (D:7)
  9 orc warriors
  An ogre (D:6)
  6 centaurs
  2 phantoms
  3 kobold brigands
  2 gnoll sergeants
  3 scorpions
  A necrophage (D:7)
  7 bullfrogs
  10 wights (D:8)
  Dowan (D:7)
  9 killer bees
  8 howler monkeys
  6 jellies
  2 hounds (D:5)
  2 quasits (D:9)
  6 orc priests
  Jessica (D:3)
  2 iguanas
  5 orc wizards
  6 gnolls
  7 adders
  A shadow imp (D:6)
  2 worms
  41 orcs
  7 ball pythons
  10 endoplasms
  7 giant cockroaches
  A hobgoblin (D:3)
  18 kobolds
  3 quokkas
  7 bats
  17 frilled lizards
  9 goblins
  8 rats
  A bush (Lair:1)
293 creatures vanquished.

Vanquished Creatures (collateral kills)
  An iguana (D:4)
  A gnoll (D:3)
2 creatures vanquished.

Vanquished Creatures (others)
  A meliai simulacrum (D:12)
  762 foxfires
  2 fungi
  10 plants
775 creatures vanquished.

Grand Total: 1070 creatures vanquished

Notes
Turn   | Place    | Note
-------+----------+-------------------------------------------
     0 | D:1      | pokeman the Deep Elf Hedge Wizard began the quest for the
                  | Orb.
     0 | D:1      | Reached XP level 1. HP: 10/10 MP: 7/7
   417 | D:1      | Reached XP level 2. HP: 16/16 MP: 4/9
  1378 | D:2      | Reached skill level 5 in Spellcasting
  1528 | D:2      | Reached XP level 3. HP: 20/20 MP: 9/11
  1534 | D:2      | Learned a level 3 spell: Mephitic Cloud
  1537 | D:2      | Learned a level 2 spell: Call Imp
  1540 | D:2      | Learned a level 2 spell: Blink
  2077 | D:2      | Found a faded altar of an unknown god.
  2096 | D:2      | Reached skill level 1 in Armour
  2180 | D:2      | Reached skill level 1 in Fighting
  2647 | D:3      | Found an iron altar of Okawaru.
  2728 | D:3      | Reached XP level 4. HP: 25/25 MP: 6/13
  2950 | D:3      | Found a shimmering blue altar of Sif Muna.
  2967 | D:3      | Found a burning altar of Makhleb.
  3635 | D:3      | Noticed Jessica
  3643 | D:3      | Killed Jessica
  3644 | D:3      | Reached skill level 6 in Spellcasting
  3644 | D:3      | Reached XP level 5. HP: 29/29 MP: 8/15
  3821 | D:4      | Found a staircase to the Ecumenical Temple.
  3826 | Temple   | Entered the Ecumenical Temple
  3932 | Temple   | Became a worshipper of Vehumet
  3951 | D:4      | You fall into a shaft and drop 2 floors!
  4096 | D:6      | Found a white marble altar of Elyvilon.
  4115 | D:6      | Noticed a phantom
  4362 | D:5      | Entered Level 5 of the Dungeon
  4447 | D:4      | Noticed a phantom
  4740 | D:4      | Reached skill level 1 in Evocations
  4971 | D:4      | Killed a phantom
  4972 | D:4      | Reached XP level 6. HP: 26/34 MP: 2/17
  5167 | D:4      | Reached skill level 1 in Poison Magic
  5455 | D:4      | Reached skill level 7 in Spellcasting
  5569 | D:4      | Found a broken altar of Ashenzari.
  5846 | D:4      | Reached skill level 1 in Air Magic
  6106 | D:5      | Found an opulent altar of Gozag.
  6110 | D:5      | Reached * piety under Vehumet
  6110 | D:5      | Offered knowledge of Foxfire by Vehumet.
  6113 | D:5      | Learned a level 1 spell: Foxfire
  6228 | D:5      | Reached XP level 7. HP: 39/39 MP: 14/20
  6295 | D:5      | Found an ornate altar of the Wu Jian Council.
  6440 | D:5      | Found a shadowy altar of Dithmenos.
  6440 | D:5      | Found a shimmering altar of Xom.
  6587 | D:6      | Noticed Eustachio
  6608 | D:6      | Killed Eustachio
  6609 | D:6      | Reached skill level 8 in Spellcasting
  6877 | D:6      | Reached skill level 1 in Fire Magic
  6917 | D:6      | Found a blossoming altar of Fedhas.
  6966 | D:6      | Reached XP level 8. HP: 37/44 MP: 10/22
  6990 | D:6      | Reached skill level 9 in Spellcasting
  7282 | D:6      | Noticed Maggie
  7313 | D:6      | Killed Maggie
  7313 | D:6      | Reached ** piety under Vehumet
  7314 | D:6      | Reached skill level 10 in Spellcasting
  7314 | D:6      | Reached skill level 5 in Conjurations
  7516 | D:7      | Offered knowledge of Sandblast by Vehumet.
  7675 | D:7      | Noticed Duvessa
  7679 | D:7      | Noticed Dowan
  7698 | D:7      | Killed Duvessa
  7699 | D:7      | Killed Dowan
  7920 | D:7      | Found Luc Mipt's Weapon Shoppe.
  7924 | D:7      | Reached XP level 9. HP: 49/49 MP: 22/25
  8341 | D:7      | Reached skill level 11 in Spellcasting
  8584 | D:8      | Offered knowledge of Hailstorm by Vehumet.
  8924 | D:8      | Reached skill level 5 in Fire Magic
  8951 | D:8      | Reached skill level 12 in Spellcasting
  9114 | D:8      | Found a snail-covered altar of Cheibriados.
  9137 | D:8      | Noticed Amaemon
  9137 | D:8      | Noticed an orange demon
  9154 | D:8      | Killed Amaemon
  9154 | D:8      | Reached *** piety under Vehumet
  9155 | D:8      | Reached XP level 10. HP: 44/56 MP: 19/28
  9164 | D:8      | Killed an orange demon
  9276 | D:8      | Found a hazy altar of Hepliaklqana.
  9507 | D:9      | Noticed Erolcha
  9788 | D:9      | Killed Erolcha
  9789 | D:9      | Reached skill level 13 in Spellcasting
 10018 | D:9      | Noticed Gastronok
 10025 | D:9      | Noticed a two-headed ogre
 10164 | D:9      | Killed Gastronok
 10381 | D:9      | Reached skill level 14 in Spellcasting
 10436 | D:9      | Noticed Beavis's ghost (novice DsFE)
 10449 | D:9      | Found a transporter.
 10561 | D:9      | Found a transporter.
 10569 | D:9      | Noticed a five-headed hydra
 10592 | D:9      | Killed a five-headed hydra
 10847 | D:9      | Found a viscous altar of Jiyva.
 10876 | D:10     | Entered Level 10 of the Dungeon
 11057 | D:10     | Noticed a green ugly thing
 11093 | D:10     | HP: 2/56 [poisoned by a green ugly thing]
 11429 | D:10     | Noticed a gargoyle
 11471 | D:10     | Killed a green ugly thing
 11472 | D:10     | Reached XP level 11. HP: 51/61 MP: 27/31
 11522 | D:10     | Offered knowledge of Stone Arrow by Vehumet.
 11537 | D:10     | Reached skill level 1 in Shields
 11759 | D:10     | Identified the +4 flail of Xyizab {heavy, *Noise rElec rC+
                  | Stlth+}
 11759 | D:10     | Noticed a tengu warrior
 11793 | D:9      | Learned a level 3 spell: Stone Arrow
 11976 | D:10     | Found a hide-covered altar of Uskayaw.
 11978 | D:10     | Noticed a +0 hand axe
 11978 | D:10     | Noticed a +0 hand axe
 12116 | D:10     | Reached skill level 15 in Spellcasting
 12116 | D:10     | Reached skill level 1 in Earth Magic
 12358 | D:9      | Killed Beavis's ghost
 12547 | D:10     | Killed a tengu warrior
 12673 | D:11     | Found a staircase to the Lair.
 12673 | D:11     | Noticed an oklob plant
 12674 | D:11     | Noticed an oklob plant
 12677 | D:11     | Killed an oklob plant
 12720 | D:11     | Killed an oklob plant
 12804 | D:11     | Noticed a two-headed ogre
 12811 | D:11     | Killed a two-headed ogre
 12866 | D:11     | Noticed an orc knight
 12891 | D:11     | Killed an orc knight
 12900 | D:11     | Reached **** piety under Vehumet
 13108 | D:11     | Reached skill level 16 in Spellcasting
 13369 | D:11     | Offered knowledge of Dazzling Flash by Vehumet.
 13370 | D:11     | Noticed a centaur warrior
 13378 | D:11     | Killed a centaur warrior
 14162 | D:12     | Reached XP level 12. HP: 66/66 MP: 26/34
 14503 | D:12     | Found a staircase to the Orcish Mines.
 14538 | D:12     | Noticed Fannar
 14853 | D:12     | Killed Fannar
 14854 | D:12     | Reached skill level 10 in Conjurations
 14992 | D:12     | Noticed a six-headed hydra
 14994 | D:12     | Noticed an eight-headed hydra
 14996 | D:12     | Noticed a centaur warrior
 15674 | Temple   | Identified 2 scrolls of acquirement
 15689 | Temple   | Acquired a +2 buckler of protection
 15691 | Temple   | Acquired the Atlas of Power
 15699 | Temple   | Learned a level 5 spell: Fireball
 15705 | Temple   | Learned a level 5 spell: Iskenderun's Battlesphere
 15896 | Lair:1   | Entered Level 1 of the Lair of Beasts
 15913 | Lair:1   | Reached skill level 17 in Spellcasting
 15947 | Lair:1   | Found a dark tunnel.
 16048 | Volcano  | Entered a volcano
 16102 | Volcano  | HP: 2/66 [something/ball of steam (3)]
 16103 | Volcano  | Mangled by a sun demon

Illustrated notes

Levels and vault maps discovered:
D:1:      ncdulo_halloftheorcs, layout_loops_corners
D:2:      layout_basic, hellmonk_ecumenical_altar_lost_god, grunt_ministairs_14,
          minmay_fractal_squares_5
D:3:      layout_basic, grunt_temple_overflow_open,
          mainiacjoe_overflow_boulevard, uniq_jessica
D:4:      layout_cave_pools, lemuel_coloured_pillars_altar, temple_doors_e,
          minmay_lizard_king
D:5:      layout_rooms, pdpol_wu_jian_five_deadly_venoms,
          nicolae_gozag_seed_capital, gammafunk_temple_overflow_elements
D:6:      layout_basic, mainiacjoe_overflow_small_starburst,
          lemuel_doored_altar, uniq_maggie, uniq_eustachio
D:7:      layout_basic, serial_shops, nicolae_shop_bloodbath_and_beyond,
          minmay_misc_feat_encased, uniq_duvessa
D:8:      layout_loops_ring, mainiacjoe_overflow_tiny_flanked,
          mainiacjoe_overflow_cross_hatched, uniq_amaemon
D:9:      layout_loops_ring, gammafunk_ghost_stat_death, jiyva_altar_1,
          uniq_erolcha, uniq_gastronok
D:10:     minmay_opposing_rooms, layout_basic, dancing_weapons_uskayaw
D:11:     layout_stronghold, dpeg_oklobed_lair, minmay_microvault
D:12:     layout_small_grid, david_orc_5, chequers_serial_rivers_micro_b,
          nicolae_hexahallways, minmay_misc_feat_columns, minivault_12,
          uniq_fannar
Temple:   nicolae_temple_figure_zero
Lair:1:   layout_gridlike, nicolae_volcano_entry_batcave, serial_bayou_shore_a
Volcano:  hellmonk_smoking_crater

Skill      XL: |  1  2  3  4  5  6  7  8  9 10 11 12 |
---------------+-------------------------------------+-----
Spellcasting   | 5 6 7 8 10 12 14 16 17 | 17.4
Armour         | 1 2 3 4 |  4.3
Fighting       | 1 2 4 |  4.0
Conjurations   | 2 3 4 5 7 8 9 10 | 10.4
Dodging        | 3 |  3.0
Evocations     | 1 |  1.0
Stealth        | 3 |  3.2
Poison Magic   | 1 |  1.0
Air Magic      | 1 |  1.0
Summonings     | 2 |  2.3
Fire Magic     | 1 3 5 7 8 9 |  9.5
Shields        | 3 4 |  4.5
Earth Magic    | 1 |  1.0
Translocations | |  1.1

Action                     |  1- 3 |  4- 6 |  7- 9 | 10-12 || total
---------------------------+-------+-------+-------+-------++-------
  Melee: Dagger            |    19 |    47 |    62 |       ||   128
         Punch             |       |       |     2 |     1 ||     3
         Demon whip        |       |       |       |   149 ||   149
   Cast: Magic Dart        |   102 |   194 |     2 |     3 ||   301
         Call Imp          |     2 |     6 |     1 |     3 ||    12
         Mephitic Cloud    |       |     8 |    14 |    54 ||    76
         Foxfire           |       |    13 |   192 |   211 ||   416
         Blink             |       |       |     1 |    10 ||    11
         Stone Arrow       |       |       |       |    87 ||    87
         Fireball          |       |       |       |     8 ||     8
         Iskenderun's Batt |       |       |       |     1 ||     1
  Evoke: Wand              |       |       |     6 |    22 ||    28
    Use: Scroll            |       |       |       |    10 ||    10
   Stab: Confused          |       |     4 |     5 |     9 ||    18
         Paralysed         |       |       |     9 |       ||     9
         Distracted        |       |       |       |     1 ||     1
 Armour: Robe              |    15 |    22 |       |       ||    37
         Leather armour    |       |       |    19 |    39 ||    58
         Swamp dragon scal |       |       |       |     9 ||     9
  Dodge: Dodged            |    35 |    45 |    45 |    69 ||   194
  Block: Other             |       |       |    17 |    27 ||    44
         Reflection        |       |       |     2 |     3 ||     5
         Buckler           |       |       |       |    18 ||    18

Table legend: (Time is in decaauts)
 A = Elapsed time spent in this place.
 B = Non-inter-level travel time spent in this place.
 C = Inter-level travel time spent in this place.
 D = Time resting spent in this place.
 E = Time spent auto-exploring this place.
 F = Levels seen in this place.
 G = Mean time per level.
                   A        B        C        D        E       F      G
               +--------+--------+--------+--------+--------+-----+--------+
         Total |  16130 |  15159 |    971 |   1666 |  10561 |  15 | 1075.3 |
       Dungeon |  15734 |  14784 |    950 |   1593 |  10463 |  12 | 1311.2 |
        Temple |    187 |    167 |     20 |      0 |     98 |   1 |  187.0 |
          Lair |    154 |    154 |      0 |     73 |      0 |   1 |  154.0 |
       Volcano |     54 |     54 |      0 |      0 |      0 |   1 |   54.0 |
               +--------+--------+--------+--------+--------+-----+--------+

Top non-repeatable levels by time:
     D:9: 2011 daAuts
    D:11: 1594 daAuts
     D:3: 1461 daAuts
     D:6: 1417 daAuts
     D:1: 1338 daAuts
     D:4: 1315 daAuts
     D:2: 1292 daAuts
    D:12: 1268 daAuts
    D:10: 1240 daAuts
     D:8: 1096 daAuts
     D:7: 968 daAuts
     D:5: 730 daAuts
  Temple: 187 daAuts
  Lair:1: 154 daAuts
 Volcano: 54 daAuts
